[Event "FIDE WAC U1700 2021"]
[Site "Rhodes"]
[Date "2021.10.21"]
[Round "5.5"]
[White "Kanev, Evgeny"]
[Black "Michailov, Andrej"]
[Result "0-1"]
[ECO "A08"]
[WhiteElo "1593"]
[BlackElo "1656"]
[Annotator "NA"]
[PlyCount "130"]
[EventDate "2021.10.17"]
[EventType "swiss"]
[EventCountry "GRE"]
[SourceTitle "playchess.com"]
[Source "ChessBase"]
[SourceQuality "1"]
[TimeControl "5400+30"]

1. Nf3 d5 2. g3 Nf6 3. Bg2 g6 4. d3 Bg7 5. O-O c5 6. Nc3 Nc6 7. Nd2 O-O 8. e4 e6 9. f4 Rb8 10. g4 dxe4 11. Ndxe4 Nxe4 12. Nxe4 b6 13. c3 Ba6 14. Rf3 Bb7 15. g5 Ne7 16. Be3 Nf5 17. Bf2 Qe7 18. Rh3 Rfd8 19. Qg4 Rd7 20. Re1 Rbd8 21. Bf1 Ba6 22. c4 Bxb2 23. Ng3 Qf8 24. Re5 Bxe5 25. fxe5 Nxg3 26. Qxg3 Bb7 27. Be2 Bc6 28. a3 Ba4 29. Qh4 Qg7 30. Qe4 Rc7 31. Kf1 Bc6 32. Qf4 Rcd7 33. Kg1 Rd4 34. Bxd4 Rxd4 35. Qe3 b5 36. cxb5 Bxb5 37. Rf3 Qf8 38. Rf4 Qd8 39. Rxd4 Qxd4 40. Qxd4 cxd4 41. Kf2 Kf8 42. Ke1 Ke7 43. Kd2 Bc6 44. Kc2 Ba4+ 45. Kd2 Kd7 46. Bf3 Bc6 47. Bg4 Kc7 48. Be2 Kb6 49. Bg4 Kc5 50. Bd1 Kb5 51. Bc2 Kc5 52. Bd1 Bd5 53. Ba4 Ba2 54. Be8 Kd5 55. Bxf7 Kxe5 56. Bg8 Kf5 57. Bxh7 Kxg5 58. Bg8 Kh4 59. Ke2 Kh3 60. Kf3 g5 61. Ke4 Kxh2 62. Kxd4 g4 63. Bh7 Bd5 64. Be4 Bxe4 65. dxe4 g3 0-1

[Event "FIDE WAC U1700 2021"]
[Site "Rhodes"]
[Date "2021.10.22"]
[Round "6.1"]
[White "Ainakul, Mukhtar"]
[Black "Sulaimanov, Tilekmatali"]
[Result "1-0"]
[ECO "B23"]
[WhiteElo "1674"]
[BlackElo "1657"]
[Annotator "NA"]
[PlyCount "49"]
[EventDate "2021.10.17"]
[EventType "swiss"]
[EventCountry "GRE"]
[SourceTitle "playchess.com"]
[Source "ChessBase"]
[SourceQuality "1"]
[TimeControl "5400+30"]

1. e4 c5 2. Nc3 Nc6 3. f4 g6 4. Nf3 Bg7 5. Bb5 Nd4 6. Nxd4 Bxd4 7. e5 a6 8. Be2 d5 9. Bf3 Bxc3 10. dxc3 e6 11. Be3 Qc7 12. Qd2 c4 13. a4 Ne7 14. a5 Bd7 15. g4 h5 16. gxh5 gxh5 17. Rg1 Bc6 18. Bb6 Qd7 19. O-O-O d4 20. Bxc6 Qxc6 21. Qxd4 Nd5 22. f5 Nxb6 23. axb6 exf5 24. e6 Rf8 25. e7 1-0

[Event "FIDE WAC U1700 2021"]
[Site "Rhodes"]
[Date "2021.10.22"]
[Round "6.2"]
[White "Sodbilegt, Naranbold"]
[Black "Bozkurt, Serkan"]
[Result "1-0"]
[ECO "B23"]
[WhiteElo "1638"]
[BlackElo "1668"]
[Annotator "NA"]
[PlyCount "53"]
[EventDate "2021.10.17"]
[EventType "swiss"]
[EventCountry "GRE"]
[SourceTitle "playchess.com"]
[Source "ChessBase"]
[SourceQuality "1"]
[TimeControl "5400+30"]

1. e4 c5 2. Nc3 Nc6 3. Bb5 Qb6 4. Nd5 Qd8 5. Bxc6 bxc6 6. Nc3 g6 7. d4 Bg7 8. dxc5 Qa5 9. Nge2 Ba6 10. Be3 Bxe2 11. Kxe2 Qb4 12. Qd3 Qxb2 13. Rhd1 Rd8 14. Rab1 Bxc3 15. Rxb2 Bxb2 16. Bd4 Bxd4 17. Qxd4 f6 18. Rb1 h5 19. Rb7 a5 20. Ra7 h4 21. h3 Rh5 22. Rxa5 Rg5 23. Kf1 Nh6 24. Ra7 Nf7 25. a4 d5 26. f4 e5 27. Qb2 1-0

[Event "FIDE WAC U1700 2021"]
[Site "Rhodes"]
[Date "2021.10.22"]
[Round "6.3"]
[White "Michailov, Andrej"]
[Black "Alrashidi, Yousef"]
[Result "1-0"]
[ECO "C36"]
[WhiteElo "1656"]
[BlackElo "1610"]
[Annotator "NA"]
[PlyCount "87"]
[EventDate "2021.10.17"]
[EventType "swiss"]
[EventCountry "GRE"]
[SourceTitle "playchess.com"]
[Source "ChessBase"]
[SourceQuality "1"]
[TimeControl "5400+30"]

1. e4 e5 2. f4 d5 3. exd5 exf4 4. Nf3 g5 5. Bb5+ Bd7 6. Qe2+ Qe7 7. Bxd7+ Nxd7 8. Nxg5 Qxe2+ 9. Kxe2 Be7 10. Nf3 Ngf6 11. c4 O-O-O 12. Nc3 Rhg8 13. Rg1 Rde8 14. d4 Nb6 15. Kd3 Nh5 16. a3 f6 17. Ne2 Bf8 18. Nxf4 Nxf4+ 19. Bxf4 Rg4 20. g3 c5 21. dxc6 bxc6 22. Rae1 Rd8 23. Re6 c5 24. d5 Bg7 25. Rc6+ Kb7 26. Rc7+ Ka6 27. h3 Rxf4 28. gxf4 Bh6 29. Rxh7 Bxf4 30. Rgg7 Bb8 31. Rf7 Nc8 32. Rxf6+ Ka5 33. Kc3 Nb6 34. b4+ cxb4+ 35. axb4+ Ka4 36. Re7 Ka3 37. Re1 Ka2 38. Nd4 Na4+ 39. Kd3 Nb2+ 40. Kc2 Nxc4 41. Ra6+ Na3+ 42. Kd3 Kb2 43. Re2+ Kc1 44. Rf6 1-0

[Event "FIDE WAC U1700 2021"]
[Site "Rhodes"]
[Date "2021.10.22"]
[Round "6.4"]
[White "Fishchuk, Vladyslav"]
[Black "Abdivaliev, Daniial"]
[Result "0-1"]
[ECO "A30"]
[WhiteElo "1648"]
[BlackElo "1482"]
[Annotator "NA"]
[PlyCount "50"]
[EventDate "2021.10.17"]
[EventType "swiss"]
[EventCountry "GRE"]
[SourceTitle "playchess.com"]
[Source "ChessBase"]
[SourceQuality "1"]
[TimeControl "5400+30"]

1. c4 b6 2. Nf3 Bb7 3. g3 c5 4. Bg2 Nf6 5. O-O e6 6. Nc3 Be7 7. d4 cxd4 8. Qxd4 O-O 9. Rd1 Nc6 10. Qd3 Nb4 11. Qd2 Rc8 12. b3 d5 13. a3 Na6 14. cxd5 Nxd5 15. Nb5 Nc5 16. Nbd4 Bf6 17. b4 Ne4 18. Qd3 Nec3 19. Rd2 e5 20. e4 Ne7 21. Bb2 Bxe4 22. Qe3 exd4 23. Nxd4 Ned5 24. Qe1 Bxg2 25. Kxg2 Re8 0-1

[Event "FIDE WAC U1700 2021"]
[Site "Rhodes"]
[Date "2021.10.22"]
[Round "6.5"]
[White "Farhaan, M."]
[Black "Abdulrahim, Salem"]
[Result "1/2-1/2"]
[ECO "D36"]
[WhiteElo "1529"]
[BlackElo "1629"]
[Annotator "NA"]
[PlyCount "138"]
[EventDate "2021.10.17"]
[EventType "swiss"]
[EventCountry "GRE"]
[SourceTitle "playchess.com"]
[Source "ChessBase"]
[SourceQuality "1"]
[TimeControl "5400+30"]

1. d4 d5 2. c4 e6 3. Nc3 Nf6 4. cxd5 exd5 5. Bg5 Be7 6. e3 c6 7. Bd3 Nbd7 8. Qc2 Nf8 9. Nge2 Ng6 10. f3 O-O 11. O-O Be6 12. e4 dxe4 13. fxe4 Ng4 14. Bxe7 Qxe7 15. Rf3 Rad8 16. h3 Nf6 17. Raf1 c5 18. d5 c4 19. dxe6 Qxe6 20. Nd5 cxd3 21. Nxf6+ gxf6 22. Rxd3 Qxe4 23. Rc3 Rfe8 24. Ng3 Qxc2 25. Rxc2 Re6 26. Nh5 Red6 27. Nxf6+ Kg7 28. Nh5+ Kh6 29. Ng3 Rd2 30. Rc5 Kg7 31. Nf5+ Kf8 32. Rf2 Rxf2 33. Kxf2 Ne7 34. Nxe7 Kxe7 35. Ke3 Kd6 36. Rh5 Rg8 37. g4 Rg7 38. Kf4 Ke6 39. h4 f6 40. Rh6 Ke7 41. Kf5 Rf7 42. b3 b6 43. b4 Rg7 44. Rxf6 Rxg4 45. Re6+ Kd7 46. Kxg4 Kxe6 47. Kg5 Kf7 48. Kh6 Kg8 49. b5 Kh8 50. Kg5 Kg7 51. h5 Kf7 52. Kg4 Ke6 53. Kg5 Kf7 54. Kf5 Kg7 55. a3 Kh6 56. Kg4 Kg7 57. Kg5 Kf7 58. Kh6 Kg8 59. a4 Kh8 60. Kg5 Kg7 61. h6+ Kg8 62. Kf6 Kf8 63. Ke6 Ke8 64. Kd6 Kd8 65. Kc6 Kc8 66. Kd6 Kd8 67. Ke6 Ke8 68. Kd6 Kd8 69. Kc6 Kc8 1/2-1/2

[Event "FIDE WAC U1700 2021"]
[Site "Rhodes"]
[Date "2021.10.23"]
[Round "7.1"]
[White "Michailov, Andrej"]
[Black "Ainakul, Mukhtar"]
[Result "0-1"]
[ECO "B06"]
[WhiteElo "1656"]
[BlackElo "1674"]
[Annotator "NA RC"]
[PlyCount "108"]
[EventDate "2021.10.17"]
[EventType "swiss"]
[EventCountry "GRE"]
[SourceTitle "playchess.com"]
[Source "ChessBase"]
[SourceQuality "1"]
[TimeControl "5400+30"]

1. e4 g6 2. d4 Bg7 3. Nc3 d6 4. Be3 a6 5. Qd2 b5 6. f3 Bb7 7. O-O-O Nd7 8. Kb1 e6 9. g4 h5 10. gxh5 Rxh5 11. Nce2 Ngf6 12. Ng3 Rh8 13. N1e2 Nb6 14. Nf4 Qe7 15. h4 O-O-O 16. Bd3 e5 17. Ng2 d5 18. dxe5 dxe4 19. Bxb6 exd3 20. Rde1 cxb6 21. Qc3+ Qc5 22. exf6 Qxc3 23. bxc3 d2 24. fxg7 dxe1=Q+ 25. Rxe1 Rhg8 26. Ne4 Rxg7 27. Ng5 Rdg8 28. Nf4 f6 29. Nge6 Re7 30. Rg1 Bxf3 31. Nd4 Be4 32. Kb2 Rh7 33. Re1 f5 34. Rg1 Rxh4 35. Rxg6 Rxg6 36. Nxg6 Rh5 37. Nf4 Rh2 38. Ng6 Kd7 39. Ne5+ Kd6 40. Nf7+ Ke7 41. Ne5 Kf6 42. Nd7+ Kg5 43. Nxb6 f4 44. a4 f3 45. Nxf3+ Bxf3 46. axb5 axb5 47. c4 Rh6 48. c5 Rc6 49. Nd7 Bg4 50. Ne5 Rxc5 51. Nd3 Rc4 52. Ne5 Rc7 53. Kb3 Be2 54. c3 Kf5 0-1

[Event "FIDE WAC U1700 2021"]
[Site "Rhodes"]
[Date "2021.10.23"]
[Round "7.2"]
[White "Abdivaliev, Daniial"]
[Black "Sodbilegt, Naranbold"]
[Result "0-1"]
[ECO "B90"]
[WhiteElo "1482"]
[BlackElo "1638"]
[Annotator "NA RC"]
[PlyCount "74"]
[EventDate "2021.10.17"]
[EventType "swiss"]
[EventCountry "GRE"]
[SourceTitle "playchess.com"]
[Source "ChessBase"]
[SourceQuality "1"]
[TimeControl "5400+30"]

1. e4 c5 2. Nf3 d6 3. d4 cxd4 4. Nxd4 Nf6 5. Nc3 a6 6. f3 e5 7. Nb3 Be6 8. Be3 Be7 9. Qd2 Nbd7 10. g4 b5 11. g5 Nh5 12. Nd5 Bxd5 13. exd5 Nb6 14. Na5 Qc7 15. O-O-O Bd8 16. f4 Nxf4 17. Bxf4 exf4 18. Re1+ Kf8 19. h4 Nd7 20. Nc6 Ne5 21. Nxe5 dxe5 22. Kb1 Be7 23. Rh3 Bd6 24. Rc3 Qe7 25. Rc6 g6 26. Re4 h6 27. h5 hxg5 28. hxg6 f5 29. Re2 g4 30. Rh2 Kg7 31. Rxh8 Rxh8 32. Rxa6 Rh1 33. Qg2 Qh4 34. a3 Qe1+ 35. Ka2 Qxf1 36. Qd2 Qc4+ 37. b3 Qf1 0-1

[Event "FIDE WAC U1700 2021"]
[Site "Rhodes"]
[Date "2021.10.23"]
[Round "7.3"]
[White "Bozkurt, Serkan"]
[Black "Farhaan, M."]
[Result "0-1"]
[ECO "D11"]
[WhiteElo "1668"]
[BlackElo "1529"]
[Annotator "NA"]
[PlyCount "90"]
[EventDate "2021.10.17"]
[EventType "swiss"]
[EventCountry "GRE"]
[SourceTitle "playchess.com"]
[Source "ChessBase"]
[SourceQuality "1"]
[TimeControl "5400+30"]

1. d4 d5 2. Nf3 Nf6 3. g3 Bf5 4. Bg2 e6 5. O-O Nbd7 6. c4 c6 7. Nc3 Be7 8. cxd5 exd5 9. Re1 O-O 10. Ne5 Re8 11. Bf4 Nxe5 12. Bxe5 Qb6 13. Na4 Qa5 14. a3 Nd7 15. b4 Qd8 16. Bf4 b5 17. Nc3 a5 18. Qb3 Nb6 19. h4 axb4 20. axb4 Qd7 21. Red1 Nc4 22. f3 Rxa1 23. Rxa1 Bf6 24. Qd1 h6 25. Ra6 Qb7 26. Ra2 Qb6 27. Kh2 Bxd4 28. Nb1 Bf6 29. e4 dxe4 30. fxe4 Rd8 31. Qe2 Be6 32. e5 Be7 33. Nc3 Bxb4 34. Ne4 Be7 35. h5 Qd4 36. Nd6 Nxd6 37. exd6 Bf6 38. Rd2 Qc5 39. Be3 Qf5 40. Bb6 Rf8 41. Bxc6 Qh3+ 42. Kg1 Qxg3+ 43. Qg2 Qe1+ 44. Qf1 Qxd2 45. Qf2 Qe3 0-1

[Event "FIDE WAC U1700 2021"]
[Site "Rhodes"]
[Date "2021.10.23"]
[Round "7.4"]
[White "Sulaimanov, Tilekmatali"]
[Black "Saket, Kumar"]
[Result "0-1"]
[ECO "D27"]
[WhiteElo "1657"]
[BlackElo "1407"]
[Annotator "NA RC"]
[PlyCount "78"]
[EventDate "2021.10.17"]
[EventType "swiss"]
[EventCountry "GRE"]
[SourceTitle "playchess.com"]
[Source "ChessBase"]
[SourceQuality "1"]
[TimeControl "5400+30"]

1. d4 d5 2. Nf3 Nf6 3. c4 dxc4 4. e3 e6 5. Bxc4 c5 6. O-O a6 7. a4 cxd4 8. Nxd4 Bd6 9. Nd2 O-O 10. b3 Bd7 11. Bb2 Nc6 12. N2f3 Qe7 13. Qe2 e5 14. Nxc6 Bxc6 15. Nh4 g6 16. Rfd1 Rad8 17. Nf3 Rd7 18. Rxd6 Rxd6 19. Ba3 Rfd8 20. Bxd6 Qxd6 21. Qb2 Bxf3 22. gxf3 e4 23. Be2 Qe6 24. Rd1 Rxd1+ 25. Bxd1 Qd5 26. Qd4 Qf5 27. fxe4 Nxe4 28. f3 Ng5 29. Kf2 h5 30. h4 Ne6 31. Qe4 Qf6 32. Bc2 b6 33. Qa8+ Kg7 34. Qxa6 Qxh4+ 35. Ke2 Qh2+ 36. Kd1 Qg1+ 37. Ke2 Qg2+ 38. Kd1 Qxf3+ 39. Qe2 Qd5+ 0-1

[Event "FIDE WAC U1700 2021"]
[Site "Rhodes"]
[Date "2021.10.24"]
[Round "8.1"]
[White "Ainakul, Mukhtar"]
[Black "Farhaan, M."]
[Result "1-0"]
[ECO "E09"]
[WhiteElo "1674"]
[BlackElo "1529"]
[Annotator "NA"]
[PlyCount "57"]
[EventDate "2021.10.17"]
[EventType "swiss"]
[EventCountry "GRE"]
[SourceTitle "playchess.com"]
[Source "ChessBase"]
[SourceQuality "1"]
[TimeControl "5400+30"]

1. d4 d5 2. c4 e6 3. Nf3 Nf6 4. g3 Nbd7 5. Bg2 Be7 6. O-O O-O 7. Qc2 Re8 8. b3 c6 9. Nbd2 Bb4 10. Bb2 Nf8 11. e4 Ng6 12. Rad1 a5 13. a3 Bf8 14. h4 b6 15. e5 Nd7 16. Ng5 Be7 17. f4 Ndf8 18. h5 Nh8 19. Ndf3 f6 20. exf6 Bxf6 21. Rfe1 Ra7 22. a4 Nf7 23. Nxf7 Rxf7 24. Ba3 Bb7 25. Ne5 Bxe5 26. Rxe5 Nd7 27. Re3 Nf6 28. Qe2 Qd7 29. g4 1-0

[Event "FIDE WAC U1700 2021"]
[Site "Rhodes"]
[Date "2021.10.24"]
[Round "8.2"]
[White "Saket, Kumar"]
[Black "Sodbilegt, Naranbold"]
[Result "0-1"]
[ECO "B92"]
[WhiteElo "1407"]
[BlackElo "1638"]
[Annotator "NA"]
[PlyCount "42"]
[EventDate "2021.10.17"]
[EventType "swiss"]
[EventCountry "GRE"]
[SourceTitle "playchess.com"]
[Source "ChessBase"]
[SourceQuality "1"]
[TimeControl "5400+30"]

1. e4 c5 2. Nf3 d6 3. d4 cxd4 4. Nxd4 Nf6 5. Nc3 a6 6. Be2 e5 7. Nb3 Be6 8. f4 Be7 9. O-O Qc7 10. Kh1 Nbd7 11. f5 Bc4 12. g4 h6 13. a4 Rc8 14. Be3 Bxe2 15. Qxe2 Nb6 16. g5 hxg5 17. Bxg5 Nh5 18. Bxe7 Ng3+ 19. Kg2 Nxe2 20. Nxe2 Qxe7 21. Nc3 Qg5+ 0-1

[Event "FIDE WAC U1700 2021"]
[Site "Rhodes"]
[Date "2021.10.24"]
[Round "8.3"]
[White "Fishchuk, Vladyslav"]
[Black "Abdulrahim, Salem"]
[Result "1/2-1/2"]
[ECO "D41"]
[WhiteElo "1648"]
[BlackElo "1629"]
[Annotator "NA"]
[PlyCount "52"]
[EventDate "2021.10.17"]
[EventType "swiss"]
[EventCountry "GRE"]
[SourceTitle "playchess.com"]
[Source "ChessBase"]
[SourceQuality "1"]
[TimeControl "5400+30"]

1. Nf3 d5 2. d4 Nf6 3. c4 e6 4. g3 c5 5. Bg2 Be7 6. O-O O-O 7. cxd5 Nxd5 8. e4 Nf6 9. Nc3 Nc6 10. d5 exd5 11. e5 Ne4 12. Nxd5 Bg4 13. Qd3 Bxf3 14. Nxe7+ Qxe7 15. Qxf3 Ng5 16. Qg4 Ne6 17. Bxc6 bxc6 18. Be3 Rab8 19. f4 Nd4 20. Rf2 Rb4 21. Rd1 f6 22. exf6 Rxf6 23. Bxd4 Rxd4 24. Rxd4 cxd4 25. Re2 Qd8 26. Qh5 Rf8 1/2-1/2

[Event "FIDE WAC U1700 2021"]
[Site "Rhodes"]
[Date "2021.10.24"]
[Round "8.4"]
[White "Alhejab, Meshal"]
[Black "Kanev, Evgeny"]
[Result "0-1"]
[ECO "B07"]
[WhiteElo "1681"]
[BlackElo "1593"]
[Annotator "NA"]
[PlyCount "63"]
[EventDate "2021.10.17"]
[EventType "swiss"]
[EventCountry "GRE"]
[SourceTitle "playchess.com"]
[Source "ChessBase"]
[SourceQuality "1"]
[TimeControl "5400+30"]

1. e4 d6 2. d4 g6 3. Be3 Nf6 4. Nc3 Bg7 5. f3 Nbd7 6. Qd2 e5 7. d5 O-O 8. h4 Nh5 9. Nge2 f5 10. g4 fxg4 11. fxg4 Nf4 12. g5 Nb6 13. Nxf4 exf4 14. Bxf4 Qe7 15. Qe3 Bg4 16. Bb5 c6 17. dxc6 Bxc3+ 18. bxc3 bxc6 19. Bxc6 Rac8 20. Bd5+ Nxd5 21. exd5 Rce8 22. Qxe7 Rxe7+ 23. Kf2 Rxf4+ 24. Kg3 Rc4 25. Rae1 Rxe1 26. Rxe1 Kf7 27. Rb1 Bc8 28. Rf1+ Bf5 29. Rf3 Rg4+ 30. Kf2 Rxh4 31. Ke3 h6 32. gxh6 0-1

[Event "FIDE WAC U1700 2021"]
[Site "Rhodes"]
[Date "2021.10.24"]
[Round "8.5"]
[White "Hatipoglu, Metin"]
[Black "Michailov, Andrej"]
[Result "1-0"]
[ECO "C89"]
[WhiteElo "1609"]
[BlackElo "1656"]
[Annotator "NA"]
[PlyCount "60"]
[EventDate "2021.10.17"]
[EventType "swiss"]
[EventCountry "GRE"]
[SourceTitle "playchess.com"]
[Source "ChessBase"]
[SourceQuality "1"]
[TimeControl "5400+30"]

1. e4 e5 2. Nf3 Nc6 3. Bb5 a6 4. Ba4 Nf6 5. O-O Be7 6. Re1 b5 7. Bb3 O-O 8. c3 d5 9. exd5 Nxd5 10. Nxe5 Nxe5 11. Rxe5 c6 12. d4 Bd6 13. Re1 Qh4 14. g3 Qh3 15. Qf3 Bg4 16. Qg2 Qh5 17. Be3 Rae8 18. Nd2 Re6 19. a4 Rfe8 20. Bxd5 cxd5 21. axb5 axb5 22. Ra5 Be2 23. Rea1 Qf5 24. Ra8 h5 25. h4 Rxa8 26. Rxa8+ Kh7 27. Kh2 Rg6 28. Ra1 Rg4 29. Kg1 Rg6 30. Re1 Bg4 1-0